 Dungeon Crawl Stone Soup version 0.15-a0-361-g8129b2b (webtiles) character file.

877 tellian the Cudgeler (level 7, -2/44 HPs)
             Began as a Gargoyle Fighter on Apr 30, 2014.
             Slain by an ogre
             ... wielding a +0,+0 giant club
              (6 damage)
             ... on Level 4 of the Dungeon.
             The game lasted 00:09:56 (3179 turns).

tellian the Cudgeler (Gargoyle Fighter)             Turns: 3179, Time: 00:09:56

HP  -2/44        AC 21     Str 21      XL: 7   Next: 56%
MP  18/18        EV 10     Int  9      God:
Gold 214         SH 20     Dex 12 (14) Spells:  0 memorised,  6 levels left

rFire  . . .     SeeInvis .     a - +1 flail
rCold  . . .     Clarity  .     r - +1 chain mail
rNeg   + . .     Conserve .     c - +0 shield
rPois  +         rCorr    +     k - +0 helmet
rElec  +         rRot     +     q - +2 cloak
SustAb . .       Spirit   .     (no gloves)
rMut   .         Warding  .     m - +0 pair of boots
Saprov . . .     Stasis   .     y - amulet of resist corrosion
MR     .....                    (no ring)
                                s - ring of magical power

@: agile, not resistant to hostile enchantments, extremely unstealthy
A: life protection 1, electricity resistance, unbreathing, petrification
resistance, AC +4
a: no special abilities


You were on level 4 of the Dungeon.
You were not hungry.

You visited 1 branch of the dungeon, and saw 4 of its levels.

You collected 214 gold pieces.

Inventory:

Hand weapons
 a - a +1,+1 flail (weapon)
Armour
 c - a +0 shield (worn)
 k - a +0 helmet (worn)
 m - a +0 pair of boots (worn)
 q - a +2 cloak (worn)
 r - a +1 chain mail (worn)
Magical devices
 p - a wand of random effects (0)
Comestibles
 b - a meat ration
 d - 4 bread rations
 h - 16 strawberries
 n - an apple
 u - 2 rotting chunks of worker ant flesh
 A - a rotting chunk of adder flesh
 C - 2 chunks of iguana flesh
Scrolls
 e - a scroll of magic mapping
 o - 2 scrolls of identify
 t - 2 scrolls of enchant weapon II
 v - 3 scrolls of teleportation
 B - a scroll of remove curse
Jewellery
 j - an uncursed ring of flight
 s - a ring of magical power (left hand)
 y - an amulet of resist corrosion (around neck)
Potions
 f - a potion of curing
 g - 2 potions of brilliance
 w - a potion of restore abilities


   Skills:
 + Level 4.8 Fighting
 * Level 5.3 Maces & Flails
 + Level 4.7 Armour
 + Level 2.1 Dodging
 + Level 4.7 Shields
 + Level 2.0 Evocations


You had 6 spell levels left.
You didn't know any spells.

Dungeon Overview and Level Annotations

Branches:
Dungeon (4/15)
 Temple: D:4-7

Altars:
Trog
Zin


Innate Abilities, Weirdness & Mutations

You are resistant to torment.
You are immune to poison.
You are immune to rotting.
Your stone body is very resilient (AC +4).
You resist negative energy.
You are resistant to electric shocks.
You can survive without breathing.
You are immune to petrification.


Message History

The ogre is heavily wounded.
You block the ogre's attack.
You completely miss the ogre.
The ogre is heavily wounded.
The ogre hits you with a giant club!
* * * LOW HITPOINT WARNING * * *
Your unstable footing causes you to fumble your attack.
The ogre hits you but does no damage.
Your unstable footing causes you to fumble your attack.
The ogre hits you with a giant club!
* * * LOW HITPOINT WARNING * * *
You hit the ogre.
The ogre is severely wounded.
The ogre barely misses you.
Your unstable footing causes you to fumble your attack.
You block the ogre's attack.
You hit the ogre.
The ogre is severely wounded.
The ogre hits you with a giant club.
You die...

#..............###*#...
#....#..########*⌠⌠####
#....#..########*__* #
#....#.........#8,,*###
#....##.####...#*++##..
#....##........##..##..
###.#########...#...##..
#.....# #.....#.####
#...####### ###.....####
#...#≈≈@≈≈# #.[.......
#...#≈O#.≈# #.....####
#...#.###.# #.....#
#...#≈(#(≈# #.....#
###.#≈≈.≈≈# ######.#
#)###'### #<.....#
#.##..# ######.####
**##########.##.##
#######.#...
,,..............<#
#...........
**################
#.#####.####


You could see an ogre.

Vanquished Creatures
  Eustachio (D:4)
  Sigmund (D:2)
  An orc priest (D:4)
  A hound (D:4)
  Crazy Yiuf (D:2)
  2 orc wizards (D:4)
  An iguana (D:4)
  3 worker ants (D:4)
  Jessica (D:3)
  Terence (D:2)
  4 gnolls (D:2)
  4 green rats (D:4)
  2 adders
  A shadow imp (D:4)
  4 worms
  An ooze (D:4)
  7 orcs
  4 ball pythons
  10 bats
  A bat skeleton (D:4)
  A giant cockroach (D:2)
  6 goblins
  12 hobgoblins
  6 jackals
  6 quokkas (D:4)
  6 giant geckos
  A giant newt (D:1)
  A hobgoblin skeleton (D:4)
  11 kobolds
  12 rats
113 creatures vanquished.

Notes
Turn   | Place    | Note
--------------------------------------------------------------
     0 | D:1      | tellian, the Gargoyle Fighter, began the quest for the Orb.
     0 | D:1      | Reached XP level 1. HP: 14/14 MP: 1/1
   195 | D:1      | Reached XP level 2. HP: 13/19 MP: 2/2
   672 | D:2      | Reached XP level 3. HP: 19/23 MP: 3/3
   773 | D:2      | Reached skill level 1 in Dodging
   788 | D:2      | Reached XP level 4. HP: 21/28 MP: 4/4
   878 | D:2      | Noticed Crazy Yiuf
   884 | D:2      | Killed Crazy Yiuf
   884 | D:2      | Reached skill level 4 in Shields
   951 | D:2      | Paralysed by a potion of paralysis for 7 turns
  1089 | D:2      | Reached XP level 5. HP: 33/33 MP: 5/5
  1099 | D:2      | Noticed Terence
  1114 | D:2      | Killed Terence
  1122 | D:2      | Found a glowing silver altar of Zin.
  1204 | D:2      | Noticed Sigmund
  1223 | D:2      | Killed Sigmund
  1728 | D:3      | Reached XP level 6. HP: 38/38 MP: 6/6
  1798 | D:3      | Noticed Jessica
  1806 | D:3      | Killed Jessica
  2066 | D:3      | Noticed a moth of wrath
  2067 | D:3      | Found a bloodstained altar of Trog.
  2492 | D:4      | Reached skill level 1 in Evocations
  2796 | D:4      | Reached XP level 7. HP: 40/44 MP: 8/8
  2998 | D:4      | Reached skill level 5 in Maces & Flails
  3080 | D:4      | Noticed Eustachio
  3148 | D:4      | Killed Eustachio
  3179 | D:4      | Slain by an ogre

Action                   |  1- 3 |  4- 6 |  7- 9 || total
-------------------------+-------+-------+-------++-------
Melee: Flail             |   105 |   235 |   115 ||   455
Evoke: Wand              |       |     1 |    12 ||    13
  Use: Potion            |     1 |    10 |     1 ||    12
       Scroll            |       |    10 |     1 ||    11
